 Dungeon Crawl Stone Soup version 0.27-a0-54-g64bdb92e38 (webtiles) character file.

Game seed: 11113790768061202551

259 Borgoz the Skirmisher (level 6, -1/43 HPs)
             Began as a Halfling Fighter on Jan 7, 2021.
             Slain by Dowan
             ... wielding a +0 dagger
              (2 damage)
             ... on level 4 of the Dungeon.
             The game lasted 00:04:58 (3133 turns).

Borgoz the Skirmisher (Halfling Fighter)            Turns: 3133, Time: 00:04:58

Health: -1/43      AC: 10    Str: 17    XL:     6   Next: 40%
Magic:  6/6        EV:  9    Int:  6    God:
Gold:   158        SH: 10    Dex: 16    Spells: 5/5 levels left

rFire    . . .     SeeInvis +   n - +1 long sword
rCold    . . .     Faith    .   c - +0 kite shield
rNeg     . . .     Spirit   .   b - +0 scale mail
rPois    .         Reflect  .   (no helmet)
rElec    .         Harm     .   (no cloak)
rCorr    .         Rampage  .   (no gloves)
Will     .....                  q - +2 pair of boots
Stlth    +.........             r - amulet of the acrobat
HPRegen  0.14/turn              m - ring of see invisible
MPRegen  0.10/turn              (no ring)

@: mighty
A: small, mutation resistance 1
a: no special abilities


You were on level 4 of the Dungeon.
You visited 1 branch of the dungeon, and saw 5 of its levels.

You collected 158 gold pieces.

Inventory:

Hand Weapons
 a - a +0 rapier
 n - a +1 long sword (weapon)
Armour
 b - a +0 scale mail (worn)
 c - a +0 kite shield (worn)
 q - a +2 pair of boots (worn)
Jewellery
 m - a ring of see invisible (left hand)
 r - an amulet of the acrobat (around neck)
Scrolls
 e - a scroll of blinking
 l - a scroll of remove curse
 o - a scroll of enchant weapon
Potions
 g - a potion of ambrosia {unknown}
 h - a potion of brilliance {unknown}
 i - a potion of cancellation {unknown}
 j - a potion of flight


   Skills:
 * Level 4.2 Fighting
 + Level 2.7(3.2) Short Blades
 - Level 2.0(2.4) Long Blades
 + Level 4.1 Armour
 + Level 2.5 Stealth
 + Level 4.2 Shields


You had 5 spell levels left.
You didn't know any spells.
Your spell library contained the following spells:

 Spells                   Type           Power        Failure   Level
 Magic Dart               Conj           0%           100%        1
 Searing Ray              Conj           0%           100%        2
 Dazzling Flash           Conj/Hex       0%           100%        3
 Fulminant Prism          Conj/Hex       0%           100%        4
 Iskenderun's Mystic Bla  Conj/Tloc      0%           100%        4


Dungeon Overview and Level Annotations

Branches:
Dungeon (5/15)
 Temple: D:4-7

Altars:

Annotations:
D:4 Dowan; Duvessa
D:5 1 transporter, kae's ghost, amateur DsGl


Innate Abilities, Weirdness & Mutations

You are small and have problems with some larger weapons.
You are somewhat resistant to further mutation.


Message History

You block Dowan's attack. Duvessa hits you but does no damage.
Dowan hits you with a +0 dagger.
* * * LOW HITPOINT WARNING * * *
You hit Duvessa.
Duvessa is almost dead.
You block Duvessa's attack. Dowan hits you but does no damage.
Duvessa hits you with a +0 rapier.
* * * LOW HITPOINT WARNING * * *
You hit Duvessa.
Duvessa is almost dead.
Duvessa misses you. Dowan hits you but does no damage.
You feel very mighty all of a sudden.
Duvessa says, "Where magic fails, the sword succeeds!"
Duvessa hits you but does no damage.
Dowan says, "My weaknesses are her strengths!"
Dowan hits you but does no damage. Duvessa hits you with a +0 rapier.
* * * LOW HITPOINT WARNING * * *
It was a potion of magic.
Magic courses through your body. Dowan hits you with a +0 dagger.
You die...

######....###
............#
............
.....>....#
#....)...#
#......##
#...#...##
#..####ee##
#.. ##@)## #.
##..## #.
##..## .
##..# .. #..#
#..# #..#
##.# #.##


You could see Duvessa (fast) and Dowan.

Vanquished Creatures
  A howler monkey (D:4)
  A bullfrog skeleton (D:4)
  An orc wizard (D:5)
  2 worker ants (D:5)
  4 adders
  A white imp (D:5)
  An ooze (D:1)
  A worm (D:3)
  2 dart slugs
  A leopard gecko (D:5)
  13 orcs
  A ball python (D:2)
  2 giant cockroaches
  A goblin (D:1)
  4 hobgoblins
  6 jackals (D:5)
  5 kobolds
  A quokka (D:3)
  5 bats
  2 frilled lizards
  7 rats
62 creatures vanquished.

Notes
Turn   | Place    | Note
-------+----------+-------------------------------------------
     0 | D:1      | Borgoz the Halfling Fighter began the quest for the Orb.
     0 | D:1      | Reached XP level 1. HP: 15/15 MP: 1/1
   118 | D:1      | Reached XP level 2. HP: 20/20 MP: 2/2
   474 | D:1      | Reached XP level 3. HP: 26/26 MP: 3/3
   715 | D:1      | Reached skill level 1 in Short Blades
   959 | D:2      | Reached skill level 1 in Stealth
  1363 | D:2      | Reached XP level 4. HP: 22/31 MP: 4/4
  2209 | D:3      | You fall into a shaft and drop 2 floors!
  2209 | D:5      | Entered Level 5 of the Dungeon
  2418 | D:5      | Reached XP level 5. HP: 23/37 MP: 5/5
  2930 | D:5      | Noticed kae's ghost (amateur DsGl)
  2963 | D:5      | Found a transporter.
  3091 | D:4      | Reached XP level 6. HP: 34/43 MP: 6/6
  3093 | D:4      | Noticed Duvessa
  3099 | D:4      | Noticed Dowan
  3132 | D:4      | HP: 1/43 [Duvessa/+0 rapier (6)]
  3133 | D:4      | Slain by Dowan

Illustrated notes

Levels and vault maps discovered:
D:1:      onia_arrival_mini_spirals, layout_loops_cross
D:2:      layout_basic
D:3:      kennysheep_slugbush, layout_basic
D:4:      layout_layer_cave, bloody_makhleb, kennysheep_little_box,
          serial_shops, nicolae_shop_window_shopping, uniq_duvessa
D:5:      layout_loops_ring, gammafunk_ghost_hive

Skill      XL: |  1  2  3  4  5 |
---------------+----------------+-----
Fighting       | 3 4 |  4.2
Short Blades   | 1 2 |  2.7
Stealth        | 1 2 |  2.5
Shields        | 4 |  4.2
Armour         | 4 |  4.1
Long Blades    | |  2.0

Action                   |  1- 3 |  4- 6 || total
-------------------------+-------+-------++-------
Melee: Long sword        |    82 |   160 ||   242
  Use: Scroll            |     3 |     6 ||     9
       Potion            |       |     3 ||     3
Armor: Scale mail        |    45 |   129 ||   174
Dodge: Dodged            |    30 |    91 ||   121
Block: Kite shield       |    46 |   129 ||   175
       Rpst.: Long sword |    10 |    30 ||    40

Table legend: (Time is in decaauts)
 A = Elapsed time spent in this place.
 B = Non-inter-level travel time spent in this place.
 C = Inter-level travel time spent in this place.
 D = Time resting spent in this place.
 E = Time spent auto-exploring this place.
 F = Levels seen in this place.
 G = Mean time per level.
                   A        B        C        D        E       F      G
               +--------+--------+--------+--------+--------+-----+--------+
         Total |   3221 |   3114 |    107 |   1021 |   1492 |   5 |  644.2 |
       Dungeon |   3221 |   3114 |    107 |   1021 |   1492 |   5 |  644.2 |
               +--------+--------+--------+--------+--------+-----+--------+

Top non-repeatable levels by time:
     D:2: 1109 daAuts
     D:5: 879 daAuts
     D:1: 808 daAuts
     D:3: 338 daAuts
     D:4: 86 daAuts
